 Dungeon Crawl Stone Soup version 0.30.1 (webtiles) character file.

Game seed: 14971386617736979562

165959 Dordric the Crack Shot (level 17, -20/113 HPs)
             Began as a Tengu Hunter on July 3, 2023.
             Was the Champion of Okawaru.
             Demolished by a demonic crawler (22 damage)
             ... on level 2 of the Spider Nest.
             The game lasted 01:18:54 (25505 turns).

Dordric the Crack Shot (Tengu Hunter)              Turns: 25505, Time: 01:18:54

Health: -20/113    AC: 14    Str:  9 (13) XL:     17   Next: 59%
Magic:  18/18      EV: 28    Int:  9 (10) God:    Okawaru [******]
Gold:   2498       SH:  5    Dex: 23 (24) Spells: 16/16 levels left

rFire   . . .        e - +4 triple crossbow (freeze)
rCold   . . .        (shield currently unavailable)
rNeg    . . .        Q - +1 ring mail of Gravity {rPois}
rPois   +            P - +2 hat
rElec   .            X - +2 cloak
rCorr   .            x - +2 pair of gloves
SInv    +            (boots unavailable)
Will    +....        G - amulet of reflection
Stlth   ++           y - ring of see invisible
HPRegen 0.38/turn    g - ring of poison resistance
MPRegen 0.16/turn

%: reflection
@: spiked, flying quickly and evasively, quick
A: beak, talons 3, nimble flight
}: 1/15 runes: decaying
a: Renounce Religion, Heroism, Finesse, Duel


You were on level 2 of the Spider Nest.
You worshipped Okawaru.
Okawaru was exalted by your worship.
You visited 6 branches of the dungeon, and saw 28 of its levels.
You also visited: Ossuary.

You collected 3274 gold pieces.
You spent 776 gold pieces at shops.

Inventory:

Hand Weapons
 a - a +0 shortbow of draining
 e - a +4 triple crossbow of freezing (weapon)
 i - a +1 arbalest of flaming
 l - the +2 hand crossbow of the New World {flame, Str+4}
   (Okawaru gifted it to you on level 3 of the Lair of Beasts)

   Str:       It affects your strength (+4).
 T - the +6 sling "Roneebaw" {elec, rC+ Str+3}
   (Okawaru gifted it to you on level 1 of the Lair of Beasts)

   Str:       It affects your strength (+3).
   rC:        It protects you from cold.
Armour
 c - the +3 warlock's mirror {omnireflect}
   (You bought it in a shop on level 2 of the Orcish Mines)

   Omnireflect: It can block and reflect piercing ranged attacks and magical
   attacks against the wielder's willpower.
 u - a +2 leather armour of cold resistance
 x - a +2 pair of gloves (worn)
 O - a +0 troll leather armour
 P - a +2 hat (worn)
 Q - the +1 ring mail of Gravity (worn) {rPois}
   (Okawaru gifted it to you on level 12 of the Dungeon)

   rPois:     It protects you from poison.
 X - a +2 cloak (worn)
 Y - the +1 pair of gloves "Novvuuq" {rElec Will- rCorr SInv}
   (Okawaru gifted it to you on level 5 of the Lair of Beasts)

   rElec:     It insulates you from electricity.
   SInv:      It lets you see invisible.
   rCorr:     It protects you from acid and corrosion.
   Will:      It decreases your willpower.
 Z - the +3 buckler of Lugonu's Vengeance {-Cast Str+4 Slay+3}
   (You found it on level 5 of the Lair of Beasts)

   Str:       It affects your strength (+4).
   Slay:      It affects your accuracy & damage with ranged weapons and melee
   (+3).
   -Cast:     It prevents spellcasting.
Jewellery
 g - a ring of poison resistance (right hand)
 t - a +6 ring of dexterity
 y - a ring of see invisible (left hand)
 D - a ring of fire
 G - an amulet of reflection (around neck)
 H - the ring of Emosch {rC- rCorr EV+5 Str+3 Int+5}
   (You found it on level 3 of the Swamp)

   [ring of evasion]

   EV:        It affects your evasion (+5).
   Str:       It affects your strength (+3).
   Int:       It affects your intelligence (+5).
   rC:        It makes you vulnerable to cold.
   rCorr:     It protects you from acid and corrosion.
 I - a +6 ring of dexterity
 K - a ring of protection from cold
 U - a ring of willpower
Wands
 q - a wand of paralysis (28)
 A - a wand of flame (36)
 C - a wand of polymorph (16)
 E - a wand of quicksilver (4)
 J - a wand of mindburst (15)
 S - a wand of roots (18)
Scrolls
 b - 4 scrolls of immolation
 d - 6 scrolls of vulnerability
 m - a scroll of brand weapon
 o - 7 scrolls of identify
 r - 3 scrolls of magic mapping
 B - 4 scrolls of amnesia
 F - 8 scrolls of teleportation
 R - 2 scrolls of fog
 W - a scroll of poison
Potions
 f - 3 potions of heal wounds
 j - 3 potions of attraction
 k - 9 potions of curing
 n - 6 potions of might
 p - 2 potions of mutation
 s - 4 potions of haste
 v - 2 potions of lignification
 w - a potion of berserk rage
 z - 2 potions of resistance
 N - 2 potions of magic
 V - a potion of ambrosia
Miscellaneous
 L - a lightning rod (4/4)
 M - a phial of floods


   Skills:
 - Level 15.0 Fighting
 + Level 23.9 Ranged Weapons
 - Level 20.4 Dodging
 - Level 1.0 Stealth


You had 16 spell levels left.
You didn't know any spells.
Your spell library contained the following spells:

 Spells                   Type           Power      Damage    Failure   Level
 Apportation              Tloc           0%         N/A       75%         1
 Freeze                   Ice            0%         1d3       75%         1
 Sandblast                Erth           0%         2d4       75%         1
 Shock                    Conj/Air       0%         1d3       75%         1
 Sting                    Tmut/Pois      0%         1d3       75%         1
 Passwall                 Tmut/Erth      0%         N/A       86%         2
 Poisonous Vapours        Pois/Air       0%         N/A       86%         2
 Scorch                   Fire           0%         2d5       86%         2
 Frozen Ramparts          Ice            0%         1d1       98%         3
 Gell's Gravitas          Tloc           0%         N/A       98%         3
 Hailstorm                Conj/Ice       0%         3d3       98%         3
 Stone Arrow              Conj/Erth      0%         3d7       98%         3
 Swiftness                Air            0%         N/A       98%         3
 Teleport Other           Tloc           0%         N/A       98%         3
 Airstrike                Air            0%         2d(0-16)  100%        4
 Flame Wave               Conj/Fire      0%         2d4       100%        4
 Ice Form                 Ice/Tmut       0%         N/A       100%        4
 Leda's Liquefaction      Hex/Erth       0%         N/A       100%        4
 Olgreb's Toxic Radiance  Pois           0%         N/A       100%        4
 Petrify                  Tmut/Erth      0%         N/A       100%        4
 Alistair's Intoxication  Tmut/Pois      0%         N/A       100%        5
 Blade Hands              Tmut           0%         N/A       100%        5
 Borgnjor's Vile Clutch   Necr/Erth      0%         N/A       100%        5
 Lee's Rapid Deconstruct  Erth           0%         3d4*      100%        5
 Metabolic Englaciation   Hex/Ice        0%         N/A       100%        5
 Dispersal                Tloc           0%         N/A       100%        6
 Eringya's Noxious Bog    Tmut/Pois      0%         N/A       100%        6
 Iron Shot                Conj/Erth      0%         9d1       100%        6
 Statue Form              Tmut/Erth      0%         N/A       100%        6
 Animate Armour           Summ/Erth      Unusable   N/A       N/A         4
 Summon Ice Beast         Ice/Summ       Unusable   N/A       N/A         4
 Summon Cactus Giant      Summ           Unusable   N/A       N/A         6

Dungeon Overview and Level Annotations

Branches:
Dungeon (13/15)            Temple (1/1) D:5            Lair (5/5) D:11
  Swamp (4/4) Lair:2       Spider (3/4) Lair:2        Slime (0/5) Lair:4
    Orc (2/2) D:12            Elf (0/3) Orc:2       Ossuary (visited)
 Vaults: D:13-14

Altars:
Ashenzari
Cheibriados
Dithmenos
Elyvilon
Fedhas
Gozag
Hepliaklqana
Kikubaaqudgha
Makhleb
Nemelex Xobeh
Okawaru
Qazlal
Ru
Sif Muna
Trog
Uskayaw
Vehumet
Wu Jian
Xom
Yredelemnul
Zin
The Shining One

Shops:
D:10 (   Orc:2 *[[![

Annotations:
D:4 2 transporters, Fractals's ghost, amateur KoEn
Lair:5 exclusion: obsidian statue
Swamp:3 1 runed translucent door, woowoo's ghost, adept MiFi
Spider:2 2 transporters, exclusion: orange crystal statue


Innate Abilities, Weirdness & Mutations

You have a beak for a mouth.
You have claws for feet.
Your magical nature lets you fly swiftly and evasively.


Message History

The steelbarb worm hits you!!
Barbed spikes become lodged in your body.
You block the demonic crawler's attack.
The demonic crawler completely misses you.
The demonic crawler misses you. The steelbarb worm misses you.
You feel your intelligence returning.
You shoot a bolt. The bolt hits the steelbarb worm!!!
The bolt freezes the steelbarb worm!
The steelbarb worm is heavily wounded.
The demonic crawler hits you. The demonic crawler misses you.
The demonic crawler barely misses you.
The steelbarb worm hits you but does no damage.
You block the demonic crawler's attack. The demonic crawler closely misses you.
The demonic crawler barely misses you.
The steelbarb worm completely misses you.
The demonic crawler hits you but does no damage.
The demonic crawler completely misses you.
The demonic crawler closely misses you.
You shoot a bolt. The bolt hits the steelbarb worm!!
The bolt freezes the steelbarb worm.
The steelbarb worm is severely wounded.
The steelbarb worm misses you. The demonic crawler hits you!
The demonic crawler misses you. The demonic crawler closely misses you.
The steelbarb worm barely misses you.
The demonic crawler completely misses you.
The demonic crawler misses you. x2; The steelbarb worm misses you.
The demonic crawler hits you. The demonic crawler hits you!
* * * LOW HITPOINT WARNING * * *
You block the demonic crawler's attack.
You shoot a bolt.
The bolt barely misses the steelbarb worm.
The demonic crawler completely misses you.
The demonic crawler barely misses you. The demonic crawler hits you!
* * * LOW HITPOINT WARNING * * *
The steelbarb worm hits you but does no damage.
The demonic crawler hits you!
* * * LOW HITPOINT WARNING * * *
The demonic crawler completely misses you.
The demonic crawler hits you!!
You die...

....#.....#.## ########### #
....##.#.....# # #........###.# #
.........# #.# ####### #
......######.## ##.##..# #
^..###.....#..#### ##...#..# ##
###.#......#....^# #^.....### #.
.....#.....#...†## ##.......####
^..^.#......#...@## #..##...#..#
.....#..^..##^..sw#####......#...
......#.###.#......##........#...
..^^.###.....#........#.<...###..
#.###.#......#.......##....##....
##.....#.....#....^...#....#.....
#.....^#.....###..##..†#.........
.#.....#.....# #..###..##........
.#......#.######.###.............


You could see a steelbarb worm (berserk) and a demonic crawler (berserk).

Vanquished Creatures
  Saint Roka (Orc:2)
  Gastronok (Lair:1)
  A fire giant (D:12)
  A frost giant (D:12)
  3 ghost moths
  3 eleionomae
  6 dire elephants (Lair:5)
  7 bunyips
  A shambling mangrove (Swamp:4)
  4 entropy weavers
  24 hydras
  A catoblepas (Lair:5)
  2 ghost crabs
  6 two-headed ogres
  Erica (D:10)
  A radroach (Spider:1)
  5 boulder beetles
  9 alligators
  5 death yaks
  A spectral dire elephant (Lair:5)
  4 orc high priests
  Urug (Orc:1)
  2 spriggans
  A spectral death yak (Lair:5)
  A sun moth (Spider:1)
  A spectral anaconda (Lair:5)
  7 pharaoh ants
  10 swamp dragons
  2 orb spiders
  4 spriggan druids
  4 goliath frogs
  15 bog bodies
  2 steelbarb worms (Spider:2)
  2 orc knights (D:12)
  4 necromancers (Lair:5)
  5 deep elf zephyrmancers
  3 orc sorcerers
  4 deep elf pyromancers
  7 wolf spiders
  An oklob plant (Lair:5)
  4 manticores
  A will-o-the-wisp (Swamp:2)
  2 cyclopes
  A moth of wrath (Spider:2)
  3 torpor snails
  4 black mambas
  10 elephants
  8 demonic crawlers
  2 gargoyles
  An efreet (D:12)
  A rime drake (Lair:3)
  Maggie (D:7)
  13 cane toads
  2 kobold demonologists
  An unseen horror (D:12)
  8 komodo dragons
  Psyche (D:8)
  2 ice devils (Lair:4)
  2 bloated husks
  8 trolls
  10 tyrant leeches
  14 tarantellas
  A meliai (D:12)
  3 hornets
  4 polar bears
  4 blink frogs (Lair:3)
  9 jumping spiders
  5 culicivoras
  3 slime creatures (Lair:4)
  3 water elementals (D:12)
  4 basilisks
  Eustachio (D:4)
  52 yaks
  2 wraiths (D:12)
  8 wyverns
  3 vampire mosquitoes
  A steam dragon (D:9)
  A spectral komodo dragon (Lair:2)
  36 redbacks
  Menkaure (D:5)
  A death yak simulacrum (Lair:5)
  3 wargs
  Edmund (D:4)
  16 swamp worms
  13 water moccasins
  A spectral polar bear (Lair:2)
  An ice beast (D:5)
  7 swamp drakes
  A black bear (D:5)
  25 orc warriors
  A sky beast (D:6)
  2 elephant zombies (Lair:5)
  5 ogres
  13 wolves
  An elephant skeleton (Lair:5)
  A centaur (shapeshifter) (D:12)
  2 centaurs
  4 kobold brigands
  10 bullfrogs
  A gnoll sergeant (D:10)
  A spectral water moccasin (Lair:2)
  12 scorpions
  A cane toad simulacrum (Lair:5)
  6 wights (D:8)
  3 elephant simulacra (Lair:5)
  9 killer bees
  7 electric eels
  3 howler monkeys
  3 centaur zombies (Ossuary)
  2 hounds
  4 jellies
  27 orc priests
  2 human zombies (Ossuary)
  5 iguanas
  6 scorpion zombies
  A sleepcap (D:8)
  Natasha (thrice) (D:3)
  33 orc wizards
  4 hell rats (Lair:1)
  3 mummies (Ossuary)
  7 gnolls
  8 river rats (Lair:1)
  5 adders
  3 shadow imps (D:6)
  A white imp (D:6)
  2 worms
  69 orcs
  3 ball pythons
  3 bats
  5 endoplasms
  6 giant cockroaches
  9 goblins
  5 hobgoblins
  4 jackals (D:1)
  10 kobolds
  7 quokkas
  A ball python skeleton (D:3)
  A ball python zombie (D:3)
  4 frilled lizards
  A gnoll zombie (Ossuary)
  3 goblin zombies (Ossuary)
  2 hobgoblin zombies (Ossuary)
  2 kobold zombies (Ossuary)
  9 rats
817 creatures vanquished.

Vanquished Creatures (others)
  A swamp drake (Swamp:4)
  An orc priest (Orc:2)
  2 orc wizards (Orc:2)
4 creatures vanquished.

Grand Total: 821 creatures vanquished

Notes
Turn   | Place    | Note
-------+----------+-------------------------------------------
     0 | D:1      | Dordric the Tengu Hunter began the quest for the Orb.
     0 | D:1      | Reached XP level 1. HP: 12/12 MP: 2/2
    58 | D:1      | Reached XP level 2. HP: 17/17 MP: 3/3
   331 | D:1      | Reached XP level 3. HP: 21/21 MP: 4/4
   379 | D:1      | Found a faded altar of an unknown god.
   486 | D:1      | Reached skill level 5 in Ranged Weapons
  1252 | D:2      | Reached XP level 4. HP: 26/26 MP: 5/5
  1990 | D:3      | Noticed Natasha
  2002 | D:3      | Killed Natasha
  2003 | D:3      | Gained mutation: Your magical nature lets you fly swiftly
                  | and evasively. [Tengu growth]
  2003 | D:3      | Reached XP level 5. HP: 3/30 MP: 6/6
  2421 | D:3      | Noticed Natasha
  2430 | D:3      | Killed Natasha
  2431 | D:3      | Reached skill level 6 in Ranged Weapons
  2442 | D:3      | Noticed Natasha
  2447 | D:3      | Killed Natasha
  2743 | D:4      | Found a sand-covered staircase.
  2748 | Ossuary  | Entered an ossuary
  2767 | Ossuary  | Reached skill level 5 in Dodging
  2767 | Ossuary  | Reached XP level 6. HP: 35/35 MP: 7/7
  3002 | Ossuary  | Reached skill level 7 in Ranged Weapons
  3002 | Ossuary  | Reached XP level 7. HP: 27/40 MP: 8/8
  3307 | Ossuary  | Reached skill level 8 in Ranged Weapons
  3330 | Ossuary  | Reached XP level 8. HP: 38/44 MP: 9/9
  3855 | D:4      | Noticed Eustachio
  3899 | D:4      | Killed Eustachio
  3900 | D:4      | Reached skill level 9 in Ranged Weapons
  4108 | D:4      | Found a transporter.
  4114 | D:4      | Noticed Fractals's ghost (amateur KoEn)
  4422 | D:4      | Found a transporter.
  4464 | D:5      | Entered Level 5 of the Dungeon
  4501 | D:5      | Noticed a hornet
  4512 | D:5      | Noticed Menkaure
  4512 | D:5      | Noticed Edmund
  4681 | D:5      | Reached XP level 9. HP: 48/48 MP: 10/10
  4703 | D:5      | Killed a hornet
  4704 | D:5      | Reached skill level 10 in Ranged Weapons
  4878 | D:4      | Killed Edmund
  5132 | D:5      | Found a staircase to the Ecumenical Temple.
  5274 | D:5      | Killed Menkaure
  5318 | D:5      | Reached skill level 10 in Dodging
  5497 | D:6      | Reached skill level 11 in Ranged Weapons
  6137 | Temple   | Entered the Ecumenical Temple
  6437 | Temple   | Became a worshipper of Warmaster Okawaru
  6567 | D:7      | Noticed Maggie
  6585 | D:7      | Killed Maggie
  6586 | D:7      | Reached skill level 12 in Ranged Weapons
  6586 | D:7      | Reached XP level 10. HP: 42/53 MP: 11/11
  6733 | D:7      | Reached * piety under Okawaru
  6770 | D:7      | Reached skill level 13 in Ranged Weapons
  7470 | D:8      | Noticed Psyche
  7506 | D:8      | Killed Psyche
  7506 | D:8      | Reached ** piety under Okawaru
  7632 | D:8      | Noticed a manticore
  7638 | D:8      | Killed a manticore
  7639 | D:8      | Reached skill level 14 in Ranged Weapons
  7893 | D:8      | Noticed a two-headed ogre
  7896 | D:8      | Killed a two-headed ogre
  7896 | D:8      | Reached *** piety under Okawaru
  7897 | D:8      | Reached skill level 15 in Ranged Weapons
  8293 | D:9      | Noticed a manticore
  8301 | D:9      | Killed a manticore
  8301 | D:9      | Received a gift from Okawaru
  8302 | D:9      | Reached XP level 11. HP: 33/57 MP: 12/12
  8428 | D:9      | Identified a scroll of acquirement
  8429 | D:9      | Acquired 676 gold pieces
  8458 | D:9      | Found an ancient bone altar of Kikubaaqudgha.
  8519 | D:9      | Noticed a boulder beetle
  8538 | D:9      | Killed a boulder beetle
  8894 | D:9      | Reached **** piety under Okawaru
  8965 | D:9      | Reached skill level 16 in Ranged Weapons
  9220 | D:9      | Noticed a sun demon
  9623 | D:10     | Entered Level 10 of the Dungeon
  9714 | D:10     | Noticed a two-headed ogre
  9717 | D:10     | Killed a two-headed ogre
  9784 | D:10     | Noticed Erica
  9792 | D:10     | Killed Erica
  9793 | D:10     | Reached skill level 17 in Ranged Weapons
  9897 | D:10     | Reached ***** piety under Okawaru
 10023 | D:10     | Found Tuolon's Antique Weapon Boutique.
 10353 | D:11     | Found a staircase to the Lair.
 10605 | D:11     | Reached XP level 12. HP: 68/68 MP: 13/13
 10616 | D:11     | Reached skill level 5 in Fighting
 10876 | D:11     | Reached skill level 18 in Ranged Weapons
 11157 | D:12     | Noticed a two-headed ogre
 11163 | D:12     | Killed a two-headed ogre
 11437 | D:12     | Noticed a two-headed ogre
 11578 | D:12     | Killed a two-headed ogre
 11578 | D:12     | Identified the +1 ring mail of Gravity {rPois} (Okawaru
                  | gifted it to you on level 12 of the Dungeon)
 11578 | D:12     | Received a gift from Okawaru
 11579 | D:12     | Reached skill level 15 in Dodging
 11793 | D:12     | Noticed a boulder beetle
 11815 | D:12     | Noticed a two-headed ogre
 11820 | D:12     | Killed a two-headed ogre
 11832 | D:12     | Killed a boulder beetle
 11892 | D:12     | Noticed a two-headed ogre
 11914 | D:12     | Killed a two-headed ogre
 11955 | D:12     | Noticed a boulder beetle
 11966 | D:12     | Reached XP level 13. HP: 79/79 MP: 14/14
 11975 | D:12     | Noticed a fire giant
 11975 | D:12     | Noticed a frost giant
 12179 | D:12     | Found a staircase to the Orcish Mines.
 12299 | D:12     | Killed a frost giant
 12359 | D:12     | Killed a fire giant
 12394 | D:12     | Identified the staff of air "Lerach" {rElec rPois rCorr}
 12493 | Lair:1   | Entered Level 1 of the Lair of Beasts
 12547 | Lair:1   | Reached ****** piety under Okawaru
 12607 | Lair:1   | Noticed Gastronok
 12622 | Lair:1   | Killed Gastronok
 12622 | Lair:1   | Identified the +6 sling "Roneebaw" {elec, rC+ Str+3}
                  | (Okawaru gifted it to you on level 1 of the Lair of Beasts)
 12622 | Lair:1   | Received a gift from Okawaru
 12623 | Lair:1   | Reached skill level 10 in Fighting
 13500 | Lair:2   | Found a hole to the Spider Nest.
 13797 | Lair:2   | Found a staircase to the Swamp.
 14069 | Lair:3   | Identified the +2 hand crossbow of the New World {flame,
                  | Str+4} (Okawaru gifted it to you on level 3 of the Lair of
                  | Beasts)
 14069 | Lair:3   | Received a gift from Okawaru
 14161 | Lair:3   | Found a glowing golden altar of the Shining One.
 14298 | Lair:3   | Reached XP level 14. HP: 90/90 MP: 15/15
 14823 | Lair:4   | Found a snail-covered altar of Cheibriados.
 14864 | Lair:4   | Found a staircase to the Slime Pits.
 15427 | Lair:4   | Found a frozen archway.
 15893 | Lair:5   | Entered Level 5 of the Lair of Beasts
 16075 | Lair:5   | Identified the +1 pair of gloves "Novvuuq" {rElec Will-
                  | rCorr SInv} (Okawaru gifted it to you on level 5 of the
                  | Lair of Beasts)
 16075 | Lair:5   | Received a gift from Okawaru
 16502 | Lair:5   | Noticed a dire elephant
 16502 | Lair:5   | Noticed a dire elephant
 16502 | Lair:5   | Noticed a dire elephant
 16502 | Lair:5   | Noticed a dire elephant
 16530 | Lair:5   | Killed a dire elephant
 16609 | Lair:5   | Killed a dire elephant
 16669 | Lair:5   | Noticed a dire elephant
 16669 | Lair:5   | Noticed a dire elephant
 16839 | Lair:5   | Identified the +3 buckler of Lugonu's Vengeance {-Cast
                  | Str+4 Slay+3}
 16876 | Lair:5   | Identified the +5 buckler of the Barnacle {Dex+2} (Okawaru
                  | gifted it to you on level 5 of the Lair of Beasts)
 16876 | Lair:5   | Received a gift from Okawaru
 17080 | Lair:5   | Killed a dire elephant
 17089 | Lair:5   | Killed a dire elephant
 17090 | Lair:5   | Reached XP level 15. HP: 86/100 MP: 9/16
 17812 | Orc:1    | Entered Level 1 of the Orcish Mines
 17817 | Orc:1    | Noticed Urug
 17830 | Orc:1    | Killed Urug
 17966 | Orc:2    | Entered Level 2 of the Orcish Mines
 18954 | Orc:2    | Found a staircase to the Elven Halls.
 18962 | Orc:2    | Found Gisykev's Armour Shop.
 18962 | Orc:2    | Found Usaremn's Antique Armour Boutique.
 18963 | Orc:2    | Found Dubeinus's Distillery.
 18967 | Orc:2    | Found Ompaeqom's Antique Armour Shop.
 19070 | Orc:2    | Identified the -2 hat "Ciuthriyt" {+Inv rC- Int+2 Dex+7}
                  | (Okawaru gifted it to you on level 2 of the Orcish Mines)
 19070 | Orc:2    | Received a gift from Okawaru
 19164 | Orc:2    | Noticed Saint Roka
 19251 | Orc:2    | Killed Saint Roka
 19252 | Orc:2    | Reached skill level 15 in Fighting
 19296 | Orc:2    | Found Lyogoagi's Assorted Antiques.
 19384 | Orc:2    | Bought a steaming cloak for 256 gold pieces
 19384 | Orc:2    | Identified the -2 cloak of the Eternal Void {rCorr Int+3
                  | Dex+3 Stlth+} (You bought it in a shop on level 2 of the
                  | Orcish Mines)
 19387 | Orc:2    | Bought the +3 warlock's mirror {omnireflect} for 520 gold
                  | pieces
 19387 | Orc:2    | Found the +3 warlock's mirror {omnireflect}
 19595 | Swamp:1  | Entered Level 1 of the Swamp
 19653 | Swamp:1  | Acquired a +1 triple crossbow of freezing
 20308 | Swamp:2  | Reached skill level 19 in Ranged Weapons
 20395 | Swamp:2  | Reached XP level 16. HP: 108/108 MP: 17/17
 20410 | Swamp:2  | Received a gift from Okawaru
 20782 | Swamp:3  | Identified the +0 hat of the Arcane {Str+4} (Okawaru gifted
                  | it to you on level 3 of the Swamp)
 20782 | Swamp:3  | Received a gift from Okawaru
 20791 | Swamp:3  | Identified the ring of Emosch {rC- rCorr EV+5 Str+3 Int+5}
 20821 | Swamp:3  | Reached skill level 20 in Ranged Weapons
 20940 | Swamp:3  | Found a runed translucent gate.
 20940 | Swamp:3  | Found a runed translucent gate.
 21183 | Swamp:3  | Found a runed translucent gate.
 21184 | Swamp:3  | Noticed woowoo's ghost (adept MiFi)
 21393 | Swamp:4  | Entered Level 4 of the Swamp
 21552 | Swamp:4  | Reached skill level 21 in Ranged Weapons
 21829 | Swamp:4  | Identified the +1 scale mail of Skepticism {Str+7} (Okawaru
                  | gifted it to you on level 4 of the Swamp)
 21829 | Swamp:4  | Received a gift from Okawaru
 21852 | Swamp:4  | Reached skill level 22 in Ranged Weapons
 21943 | Swamp:4  | Got a decaying rune of Zot
 22591 | Spider:1 | Entered Level 1 of the Spider Nest
 22667 | Spider:1 | Reached XP level 17. HP: 113/113 MP: 8/18
 23223 | Spider:1 | Reached skill level 23 in Ranged Weapons
 23421 | Spider:1 | You are sucked into a shaft and drop 1 floor!
 24256 | Spider:2 | Received a gift from Okawaru
 24434 | Spider:2 | Found a transporter.
 24448 | Spider:2 | Found a transporter.
 25505 | Spider:2 | HP: 2/113 [demonic crawler (8)]
 25505 | Spider:2 | Demolished by a demonic crawler

Illustrated notes

Levels and vault maps discovered:
D:1:      lemuel_arrival_room, layout_rooms,
          shapermc_ecumenical_altar_mp_ritualfount
D:2:      layout_basic, minmay_tetromino_i2
D:3:      layout_loops_ring, serial_undead, serial_undead_b, serial_undead_f,
          serial_undead_c, serial_undead_c, uniq_natasha
D:4:      layout_rooms, enter_ossuary_2, gammafunk_ghost_smash,
          serial_corexii_hall, corexii_hall_statues_t,
          chequers_hall_statues_wall_a, corexii_hall_statues_u,
          corexii_hall_statues_s, uniq_eustachio
D:5:      layout_rooms, minmay_temple_entry_offerings, chequers_garden,
          st_stairs_14, minmay_manual_mail, uniq_edmund, uniq_menkaure
D:6:      layout_layer_cave
D:7:      layout_cave_pods, nicolae_titane, uniq_maggie
D:8:      layout_gridville, uniq_psyche
D:9:      layout_irregular_city, mainiacjoe_overflow_concentric_impassable
D:10:     layout_cave_pods, serial_shops, shop, grunt_ministairs_4, uniq_erica
D:11:     layout_rooms, david_lair_generic, chequers_serial_rivers_room_b
D:12:     kennysheep_four_of_diamonds, layout_irregular_city,
          minmay_orc_entry_temple_small
D:13:     layout_loops_corners, grunt_vaults_entry_tiered, serial_shops, shop,
          minmay_between
Temple:   mainiacjoe_temple_circle_huts
Lair:1:   wander_river, layout_concentric_octagons, kennysheep_abandoned_house,
          grunt_megastairs_1, uniq_gastronok
Lair:2:   layout_gridlike, nicolae_swamp_entry_spooky,
          nicolae_spider_entry_lesser_pyramids
Lair:3:   layout_gridlike, basic_altar, columned_hall_lemuel, minivault_24,
          pdpol_lair_cavern_descent, grunt_megastairs_4
Lair:4:   layout_loops_ring, minmay_slime_entry_pillars,
          portal_ice_cave_demonic_guard, basic_altar
Lair:5:   due_jungle_book, layout_small_grid
Swamp:1:  layout_basic_swamp, nicolae_swamp_well_well_well
Swamp:2:  layout_basic_swamp, evilmike_swamp_ruin_house_1
Swamp:3:  layout_falls_marsh, ebering_ghost_rock_garden,
          nicolae_swamp_tree_isthmus, infiniplex_staircase_pool_2
Swamp:4:  grunt_swamp_rune_castle, layout_basic_swamp, swamp_pool3,
          nicolae_swamp_dense_foliage
Spider:1: layout_spider_delve
Spider:2: gammafunk_sealed_arena, nicolae_spider_webs_and_nodes, drop_trap
Spider:3: layout_spider_delve
Orc:1:    layout_diamond_mine, uniq_urug
Orc:2:    st_orc_mages, layout_caves, serial_shops, nicolae_lakefront_shop,
          elves_outpost_lemuel, uniq_saint_roka

Skill      XL: |  1  2  3  4  5  6  7  8  9 10 11 12 13 14 15 16 17 |
---------------+----------------------------------------------------+-----
Dodging        | 3 4 5 6 7 8 11 12 14 16 17 19 20 | 20.4
Ranged Weapons | 5 6 7 8 9 12 15 17 18 19 22 23 | 23.9
Fighting       | 4 8 11 13 15 | 15.0
Stealth        | |  1.0

Action                     |  1- 3 |  4- 6 |  7- 9 | 10-12 | 13-15 | 16-18 || total
---------------------------+-------+-------+-------+-------+-------+-------++-------
  Melee: Dagger            |    55 |    78 |    26 |     7 |       |       ||   166
         Kick              |    14 |    21 |    12 |     5 |     2 |       ||    54
         Peck              |    12 |    12 |     9 |     3 |     1 |       ||    37
         Punch             |       |     1 |       |       |       |       ||     1
         Hand crossbow     |       |       |       |       |     5 |       ||     5
   Fire: Shortbow          |    39 |    86 |   190 |       |       |       ||   315
         Arbalest          |       |       |    74 |   438 |   491 |       ||  1003
         Sling             |       |       |       |       |   167 |       ||   167
         Hand crossbow     |       |       |       |       |   216 |       ||   216
         Triple crossbow   |       |       |       |       |    69 |   445 ||   514
 Invoke: Heroism           |       |       |       |     4 |     7 |       ||    11
         Finesse           |       |       |       |     1 |     5 |     1 ||     7
  Evoke: Wand              |       |       |     3 |     3 |       |       ||     6
    Use: Scroll            |       |     5 |    11 |     6 |    15 |    11 ||    48
         Potion            |       |       |     2 |     5 |       |    14 ||    21
   Stab: Sleeping          |     2 |       |       |     1 |       |       ||     3
 Armour: Leather armour    |    19 |    15 |    22 |     6 |       |       ||    62
         Troll leather arm |       |       |       |       |    21 |     6 ||    27
         Ring mail         |       |       |       |       |       |    37 ||    37
  Dodge: Dodged            |    46 |    76 |   196 |   159 |   445 |   499 ||  1421
  Block: Other             |       |       |       |    14 |    38 |    70 ||   122
         Reflection        |       |       |       |     2 |    10 |       ||    12
         Buckler           |       |       |       |       |   154 |       ||   154
